 Dungeon Crawl Stone Soup version 0.31-a0-889-g1a8549509d (webtiles) character file.

Game seed: 12737955870403174283

4489 Azuregosa the Covert (level 10, -3/65 HPs)
             Began as an Octopode Delver on Oct 16, 2023.
             Was a Priest of Ashenzari.
             Slain by a gnoll
             ... wielding a +2 halberd of freezing
             ... led by a gnoll bouda
              (5 damage)
             ... on level 9 of the Dungeon.
             The game lasted 00:34:01 (8696 turns).

Azuregosa the Covert (Octopode Delver)              Turns: 8696, Time: 00:34:04

Health: -3/65      AC:  5    Str: 12    XL:     10   Next: 38%
Magic:  32/32      EV: 14    Int: 17    God:    Ashenzari [***...]
Gold:   543        SH:  0    Dex: 13    Spells: 24/27 levels left

rFire   . . .        C - +6 short sword "Tethered Augurer" {venom, Fort, Alch} (curse)
rCold   . . .        (no shield)
rNeg    . . .        (helmet restricted)
rPois   .            K - amulet of the All-seeing Planets {Acrobat, Alch, Self} (curse)
rElec   .            g - ring "Shame of Ashenzari" {AC+4, Alch, Elem} (curse)
rCorr   .            y - ring "Bound Incredulity" {Will+, Cun, Bglg} (curse)
SInv    +            z - ring "Cursed Apathy" {Will+, Dev, Cun} (curse)
Will    ++...        A - ring of the Ensconced Seer {MP+9, Self, Fort} (curse)
Stlth   ++++++       (no ring)
HPRegen 0.30/turn    (no ring)
MPRegen 0.23/turn    (no ring)
                     (no ring)

%: acrobat, clarity
@: no status effects
A: almost no armour, amphibious, 8 rings, camouflage 1, gelatinous body 1,
(nimble swimmer 1), tentacles
a: Renounce Religion, Shatter the Chains


You were on level 9 of the Dungeon.
You worshipped Ashenzari.
Ashenzari was most pleased with you.
You visited 2 branches of the dungeon, and saw 11 of its levels.

You collected 543 gold pieces.

Inventory:

Hand Weapons
 a - a +0 hand axe
 C - the cursed +6 short sword "Tethered Augurer" (weapon) {venom, Fort, Alch}
   (You took it off an orc on level 4 of the Dungeon)

   It has a curse which improves the following skills: Fortitude: Shields.
   Alchemy:   Poison Magic and Transmutations.
 G - a +1 falchion of holy wrath
 H - a +3 quarterstaff of chaos
 I - a +0 heavy great sword
 N - the +3 rapier of the Endless March {drain, rElec}
   (You found it on level 8 of the Dungeon)

   rElec:     It insulates you from electricity.
Missiles
 h - 111 stones
 D - 23 poisoned darts
Magical Staves
 c - a staff of fire
Jewellery
 g - the cursed ring "Shame of Ashenzari" (left tentacle) {AC+4, Alch, Elem}
   (You found it on level 5 of the Dungeon)

   [ring of protection]

   AC+4:      It affects your AC (+4).
   It has a curse which improves the following skills: Alchemy: Poison Magic and
   Transmutations.
   Elements:  Fire Magic, Ice Magic, Air Magic and Earth Magic.
 y - the cursed ring "Bound Incredulity" (right tentacle) {Will+, Cun, Bglg}
   (You found it on level 4 of the Dungeon)

   [ring of willpower]

   Will+:     It increases your willpower.
   It has a curse which improves the following skills: Cunning: Dodging and
   Stealth.
   Beguiling: Conjurations, Hexes and Translocations.
 z - the cursed ring "Cursed Apathy" (on tentacle) {Will+, Dev, Cun}
   (You found it on level 7 of the Dungeon)

   [ring of willpower]

   Will+:     It increases your willpower.
   It has a curse which improves the following skills: Devices: Evocations and
   Shapeshifting.
   Cunning:   Dodging and Stealth.
 A - the cursed ring of the Ensconced Seer (on tentacle) {MP+9, Self, Fort}
   (You found it on level 4 of the Dungeon)

   [ring of magical power]

   MP+9:      It affects your magic capacity (+9).
   It has a curse which improves the following skills: Introspection: Fighting
   and Spellcasting.
   Fortitude: Shields.
 K - the cursed amulet of the All-seeing Planets (around mantle) {Acrobat, Alch, Self}
   (You found it on level 7 of the Dungeon)

   [amulet of the acrobat]

   Acrobat:   It increases your evasion while moving and waiting.
   It has a curse which improves the following skills: Alchemy: Poison Magic and
   Transmutations.
   Introspection: Fighting and Spellcasting.
 M - an amulet of the acrobat
Wands
 d - a wand of quicksilver (22)
 f - a wand of digging (9)
 E - a wand of polymorph (15)
 L - a wand of flame (38)
Scrolls
 b - 2 scrolls of fog
 i - a scroll of revelation
 j - a scroll of brand weapon
 m - 3 scrolls of immolation
 o - a scroll of teleportation
 p - 5 scrolls of amnesia
 r - 4 scrolls of noise
 s - 3 scrolls of blinking
 t - a scroll of poison
 v - a scroll of torment
 x - 3 scrolls of vulnerability
 B - 3 scrolls of identify
Potions
 e - 2 potions of haste
 k - a potion of might
 l - 2 potions of lignification
 n - a potion of cancellation
 q - 5 potions of curing
 u - 3 potions of magic
 w - a potion of brilliance
 F - a potion of berserk rage
 J - 2 potions of heal wounds


   Skills:
 - Level 3.0(4.9) Fighting
 + Level 9.3 Short Blades
 - Level 2.0 Axes
 - Level 2.0(3.6) Dodging
 - Level 10.0(12.2) Stealth
 - Level 7.1(9.4) Spellcasting
 + Level 6.4(8.0) Hexes


You had 24 spell levels left.
You knew the following spells:

 Your Spells              Type           Power      Damage    Failure   Level
a - Dazzling Flash        Conj/Hex       42%        N/A       4%          3

Your spell library contained the following spells:

 Spells                   Type           Power      Damage    Failure   Level
 Ozocubu's Armour         Ice            8%         N/A       26%         3
 Volatile Blastmotes      Fire/Tloc      16%        2d11      26%         3
 Metabolic Englaciation   Hex/Ice        10%        N/A       43%         5
 Animate Dead             Necr           8%         N/A       65%         4
 Borgnjor's Vile Clutch   Necr/Erth      4%         N/A       94%         5
 Death Channel            Necr           4%         N/A       100%        6
 Simulacrum               Ice/Necr       4%         N/A       100%        6
 Starburst                Conj/Fire      4%         6d3       100%        6
 Maxwell's Capacitive Co  Air            4%         ∞         100%        8


Dungeon Overview and Level Annotations

Branches:
Dungeon (10/15)            Temple (1/1) D:6
   Lair: D:8-11         Orc: D:9-12

Altars:
Ashenzari
Cheibriados
Dithmenos
Elyvilon
Fedhas
Gozag
Kikubaaqudgha
Makhleb
Nemelex Xobeh
Okawaru
Qazlal
Ru
Sif Muna
Trog
Uskayaw
Vehumet
Wu Jian
Yredelemnul
Zin
The Shining One

Annotations:
D:6 exclusion: statue
D:8 1 runed translucent door, Pi314's ghost, novice DrCj


Innate Abilities, Weirdness & Mutations

You cannot wear most types of armour.
You are amphibious.
You can wear up to eight rings at the same time.
Your skin changes colour to match your surroundings (Stealth+).
Your rubbery body absorbs attacks. (AC +1, EV +1)
((You are camouflaged when in or above water. (Stealth+)))
You have tentacles for arms and can constrict up to eight enemies at once.


Message History

The gnoll bouda is heavily wounded.
You hit the gnoll bouda but do no damage.
The gnoll bouda looks as sick as possible!
You grab the gnoll bouda.
You tentacle-slap the gnoll bouda, but do no damage.
The gnoll bouda is heavily wounded.
You constrict the gnoll bouda.
The gnoll bouda struggles to escape constriction.
The gnoll hits you from afar with a +2 halberd of freezing!
The gnoll freezes you.
You hit the gnoll bouda.
The gnoll bouda is severely wounded.
You constrict the gnoll bouda. You hit the gnoll bouda.
You kill the gnoll bouda!
The gnoll hits you from afar with a +2 halberd of freezing!
The gnoll freezes you.
You hit the gnoll.
The gnoll is poisoned.
You grab the gnoll. You squeeze the gnoll!
You kill the gnoll!
The gnoll hits you from afar with a +2 halberd of freezing.
The gnoll freezes you.
You closely miss the gnoll. You grab the gnoll.
You constrict the gnoll, but do no damage.
You barely miss the gnoll. You constrict the gnoll.
The gnoll struggles to escape constriction.
The gnoll hits you from afar with a +2 halberd of freezing.
* * * LOW HITPOINT WARNING * * *
The gnoll freezes you.
* * * LOW HITPOINT WARNING * * *
You hit the gnoll.
The gnoll is poisoned.
The gnoll is moderately wounded.
You constrict the gnoll. You hit the gnoll.
The gnoll looks as sick as possible!
The gnoll is severely wounded.
You constrict the gnoll.
The gnoll hits you from afar with a +2 halberd of freezing!
* * * LOW HITPOINT WARNING * * *
The gnoll freezes you.
You die...

# ...... # ...... .##
...... .. .....># ##
# ....... ..## #
.....g.{ ...# . #
#...g## ...# #. #
#...@##...#####.#####
#............. ......
#..##.......# .#....
#....#........#.#
##... ##..
##....#....# ##...
### ##..####..###....
#..........##....
###.....#........
##......##...>...


You could see 2 gnolls.

Vanquished Creatures
  A two-headed ogre (D:8)
  Maurice (D:9)
  4 yaks (D:8)
  Eustachio (D:6)
  A wyvern (D:8)
  2 steam dragons (D:7)
  3 water moccasins
  An orc warrior (D:6)
  An ogre (D:5)
  3 phantoms
  3 kobold brigands
  7 bullfrogs
  6 killer bees (D:8)
  An electric eel (D:7)
  3 howler monkeys
  2 hounds
  A jelly (D:7)
  Crazy Yiuf (D:7)
  4 orc priests
  2 sleepcaps
  A gnoll bouda (D:9)
  2 orc wizards
  4 iguanas
  2 gnolls (D:9)
  6 adders
  A shadow imp (D:6)
  A white imp (D:6)
  2 ufetubi (D:5)
  A worm (D:2)
  2 dart slugs (D:1)
  16 orcs
  3 endoplasms
  A giant cockroach (D:2)
  9 goblins
  3 hobgoblins
  2 jackals
  4 quokkas
  10 ball pythons
  7 bats
  6 frilled lizards
  21 kobolds
  3 rats
155 creatures vanquished.

Notes
Turn   | Place    | Note
-------+----------+-------------------------------------------
     0 | D:5      | Azuregosa the Octopode Delver began the quest for the Orb.
     0 | D:5      | Reached XP level 1. HP: 16/16 MP: 1/1
     5 | D:6      | Noticed a sleepcap
     6 | D:6      | Noticed a hound
    31 | D:5      | Reached skill level 7 in Stealth
   173 | D:5      | Noticed an iguana
   223 | D:5      | Found a glowing silver altar of Zin.
   233 | D:5      | Reached XP level 2. HP: 15/21 MP: 2/2
   282 | D:5      | Noticed an ogre
   433 | D:3      | Reached XP level 3. HP: 26/26 MP: 3/3
   517 | D:3      | Reached skill level 8 in Stealth
   612 | D:1      | Found a faded altar of an unknown god.
  1200 | D:1      | Reached XP level 4. HP: 31/31 MP: 4/4
  1740 | D:2      | Reached skill level 9 in Stealth
  2190 | D:4      | Reached skill level 1 in Spellcasting
  2190 | D:4      | Reached XP level 5. HP: 27/36 MP: 4/7
  2315 | D:3      | Found an ornate altar of the Wu Jian Council.
  2336 | D:3      | Found a broken altar of Ashenzari.
  2355 | D:3      | Became a worshipper of Ashenzari the Shackled
  2752 | D:4      | Found an ancient bone altar of Kikubaaqudgha.
  3121 | D:4      | Found a sparkling altar of Nemelex Xobeh.
  3563 | D:5      | Noticed a kobold brigand
  3717 | D:5      | Noticed an ogre
  3765 | D:5      | Reached XP level 6. HP: 42/42 MP: 10/10
  4252 | D:5      | Reached XP level 7. HP: 24/46 MP: 14/14
  4467 | D:5      | Reached skill level 5 in Spellcasting
  4504 | D:5      | Reached * piety under Ashenzari
  4973 | D:6      | Noticed Eustachio
  4982 | D:6      | Killed Eustachio
  5287 | D:6      | Found a radiant altar of Vehumet.
  5364 | D:6      | Found a basalt altar of Yredelemnul.
  5368 | D:7      | Reached skill level 10 in Stealth
  5368 | D:7      | Reached XP level 8. HP: 52/52 MP: 17/17
  5634 | D:7      | Found a runed translucent door.
  5635 | D:7      | Noticed Crazy Yiuf
  5642 | D:7      | Killed Crazy Yiuf
  5691 | D:7      | Reached skill level 1 in Short Blades
  5935 | D:6      | Found an opulent altar of Gozag.
  6052 | D:6      | Found a staircase to the Ecumenical Temple.
  6116 | Temple   | Entered the Ecumenical Temple
  6746 | D:7      | Reached ** piety under Ashenzari
  6810 | D:7      | Reached skill level 5 in Short Blades
  6820 | D:7      | Reached XP level 9. HP: 58/58 MP: 21/21
  7103 | D:8      | Identified the "Baxukum"
  7103 | D:8      | Identified the of Nouvue Xoef
  7103 | D:8      | Identified the of Deifo
  7103 | D:8      | Identified the "Qeckode"
  7103 | D:8      | Identified the "Yrozxur"
  7103 | D:8      | Identified the "Oheeguad"
  7150 | D:7      | Learned a level 3 spell: Dazzling Flash
  7242 | D:7      | Found a white marble altar of Elyvilon.
  7443 | D:7      | Reached skill level 1 in Hexes
  7807 | D:8      | Noticed a two-headed ogre
  7928 | D:8      | Killed a two-headed ogre
  7929 | D:8      | Reached skill level 5 in Hexes
  7929 | D:8      | Reached XP level 10. HP: 16/63 MP: 22/22
  8157 | D:8      | Found a burning altar of Makhleb.
  8435 | D:8      | Identified the +3 rapier of the Endless March {drain,
                  | rElec}
  8502 | D:8      | Found a runed translucent door.
  8504 | D:8      | Noticed Pi314's ghost (novice DrCj)
  8507 | D:8      | Identified the +7 spear of the Everdark {venom, Fly}
  8525 | D:8      | Found a shimmering blue altar of Sif Muna.
  8609 | D:9      | Reached *** piety under Ashenzari
  8621 | D:9      | Noticed Maurice
  8623 | D:9      | Found an iron altar of Okawaru.
  8625 | D:10     | Entered Level 10 of the Dungeon
  8637 | D:9      | Maurice stole 23 poisoned darts
  8642 | D:9      | Maurice stole the +3 rapier of the Endless March {drain,
                  | rElec}
  8644 | D:9      | Killed Maurice
  8696 | D:9      | HP: 2/65 [gnoll/+2 halberd of freezing[a gnoll bouda] (14)]
  8696 | D:9      | Slain by a gnoll

Illustrated notes

Levels and vault maps discovered:
D:1:      minmay_arrival_stone_box, layout_loops_ring,
          hellmonk_ecumenical_altar_blasted
D:2:      layout_basic, kennysheep_generic_room_15
D:3:      kennysheep_the_goblin_king, layout_basic, cheibrodos_ashenzari_chains,
          lemuel_tele_altar
D:4:      layout_gridville, kennysheep_mini_moat, lemuel_coloured_pillars_altar,
          hangedman_decor_clover_reticule
D:5:      layout_loops_cross, kennysheep_little_box, kennysheep_another_room
D:6:      layout_loops_cross, vehumet_statue, mainiacjoe_overflow_chevrons,
          mainiacjoe_overflow_tiny_flanked, temple_green, uniq_eustachio
D:7:      layout_gridville, nicolae_elyvilon_temple_path,
          uniq_crazy_yiuf_cottage
D:8:      layout_basic, lemuel_doored_altar, nicolae_sif_muna_little_library,
          ebering_ghost_funeral_grove, grunt_decor_clamped,
          kennysheep_generic_room_12
D:9:      layout_cave_pools, mainiacjoe_overflow_catwalk,
          nicolae_overflow_crystal_walls, old_standard_altar,
          gammafunk_ghost_split, uniq_maurice
D:10:     layout_stronghold, nicolae_trove_entry_crossroad, nzn_ghost_randoct,
          minmay_shop_chei, uniq_erica
Temple:   nicolae_temple_two_arcs

Skill      XL: |  1  2  3  4  5  6  7  8  9 10 |
---------------+-------------------------------+-----
Stealth        | 7 8 9 10 | 10.0
Spellcasting   | 1 3 4 6 7 |  7.1
Short Blades   | 5 8 9 |  9.3
Hexes          | 5 6 |  6.4
Fighting       | |  3.0
Axes           | |  2.0
Dodging        | |  2.0

Action                     |  1- 3 |  4- 6 |  7- 9 | 10-12 || total
---------------------------+-------+-------+-------+-------++-------
  Melee: Hand axe          |    56 |    85 |       |       ||   141
         Constrict         |    19 |    23 |    33 |    10 ||    85
         Tentacles         |    14 |    19 |    48 |    10 ||    91
         Punch             |       |     2 |     6 |     2 ||    10
         Short sword       |       |    12 |   203 |    37 ||   252
  Throw: Stone             |       |       |     4 |       ||     4
   Cast: Dazzling Flash    |       |       |     1 |       ||     1
 Invoke: Curse Item        |       |     1 |     4 |     1 ||     6
  Evoke: Wand              |       |       |     1 |       ||     1
    Use: Scroll            |     1 |     6 |     3 |       ||    10
         Potion            |       |     1 |       |       ||     1
   Stab: Sleeping          |    14 |    14 |    12 |     1 ||    41
         Distracted        |     1 |     1 |     1 |     1 ||     4
         Invisible         |       |       |     1 |       ||     1
 Armour: Skin              |    22 |    57 |    90 |    13 ||   182
  Dodge: Dodged            |    33 |    79 |   134 |    13 ||   259

Table legend: (Time is in decaauts)
 A = Elapsed time spent in this place.
 B = Non-inter-level travel time spent in this place.
 C = Inter-level travel time spent in this place.
 D = Time resting spent in this place.
 E = Time spent auto-exploring this place.
 F = Levels seen in this place.
 G = Mean time per level.
                   A        B        C        D        E       F      G
               +--------+--------+--------+--------+--------+-----+--------+
         Total |   8658 |   8477 |    181 |   2022 |   3805 |  11 |  787.1 |
       Dungeon |   8656 |   8476 |    180 |   2022 |   3805 |  10 |  865.6 |
        Temple |      1 |      1 |      0 |      0 |      0 |   1 |    1.0 |
               +--------+--------+--------+--------+--------+-----+--------+

Top non-repeatable levels by time:
     D:7: 1450 daAuts
     D:6: 1408 daAuts
     D:4: 1324 daAuts
     D:5: 1199 daAuts
     D:8: 957 daAuts
     D:2: 921 daAuts
     D:1: 683 daAuts
     D:3: 607 daAuts
     D:9: 97 daAuts
    D:10: 6 daAuts
  Temple: 1 daAuts
